AoeStats
← Palomekiu

Arena

509794370Analyzed
1v1 RM · 5d ago on Sep 28, 2026· 37m 21s· 2 players
Game mode
Random Map
Map size
Tiny (2 player)
Population
200
Speed
Normal
Resources
Standard
Victory
Conquest
Starting age
Dark Age
Ending age
Imperial Age
RankedLock teamsTeams togetherTeam positionsShared explorationLock speedFull tech treeHidden civsTurbo modeCheats
Victory
Defeat
🇦🇷 Ethiopians · Argentina
1025
+16
🇦🇷 Maya · Argentina
1022
-26
Palomekiu
0:27 Loom
10:59 Feudal Age
14:56 Castle Age
13:51 Double-Bit Axe
21:22 Horse Collar
24:35 Padded Archer Armor
28:55 Elite Skirmisher
31:35 Fletching
32:49 Bodkin Arrow
35:00 Gold Mining
36:06 Leather Archer Armor
39:12 Imperial Age
Tympa
10:39 Feudal Age
15:12 Castle Age
13:00 Double-Bit Axe
13:39 Horse Collar
13:52 Gold Mining
16:38 Bow Saw
18:31 Scale Mail Armor
18:32 Padded Archer Armor
21:11 Crossbowman
21:53 Fletching
26:26 Wheelbarrow
29:16 Heavy Plow
29:55 Stone Mining
33:34 Imperial Age
32:19 Ballistics
32:33 Forging
35:26 Chemistry
34:45 Hand Cart
34:43 Loom
35:27 Thumb Ring
34:43 Elite Skirmisher
36:33 Royal Heirs
36:55 Conscription
36:49 Scale Barding Armor
37:14 Husbandry
37:56 Illumination
Connection lost

Rejoining the realm…

Still unreachable

The connection could not be restored.

Session expired

The server has moved on; the page needs a fresh start.